AoeStats
← Safe

Golden Pit

509299256Analyzed
1v1 RM · 5d ago on Sep 26, 2026· 60m 39s· 2 players
Game mode
Random Map
Map size
Tiny (2 player)
Population
200
Speed
Normal
Resources
Standard
Victory
Conquest
Starting age
Dark Age
Ending age
Imperial Age
RankedLock teamsTeams togetherTeam positionsShared explorationLock speedFull tech treeHidden civsTurbo modeCheats
Victory
Defeat
🇨🇿 Franks · Czechia
863
+17
🇩🇪 Burgundians · Germany
890
-17
Petříček
5:54 Loom
10:14 Feudal Age
12:33 Double-Bit Axe
13:42 Forging
22:54 Castle Age
20:42 Town Watch
22:18 Wheelbarrow
22:00 Scale Mail Armor
22:07 Gold Mining
24:08 Husbandry
24:35 Crossbowman
25:28 Stone Mining
31:12 Iron Casting
30:28 Fletching
34:50 Ballistics
37:52 Imperial Age
36:59 Scale Barding Armor
36:50 Bodkin Arrow
37:11 Chain Mail Armor
36:26 Pikeman
36:52 Gambesons
38:30 Bow Saw
38:24 Cavalier
41:25 Chemistry
42:42 Gold Shaft Mining
42:02 Halberdier
43:31 Paladin
45:56 Cranequins
47:54 Blast Furnace
47:15 Chain Barding Armor
47:27 Plate Mail Armor
50:00 Chivalry
50:30 Conscription
51:14 Siege Engineers
50:56 Arrowslits
51:11 Murder Holes
54:32 Plate Barding Armor
55:58 Elite Skirmisher
58:14 Squires
58:00 Arson
58:20 Padded Archer Armor
59:02 Masonry
Safe
3:26 Double-Bit Axe
7:55 Loom
10:37 Feudal Age
9:45 Horse Collar
10:47 Wheelbarrow
13:17 Bow Saw
13:11 Heavy Plow
17:51 Hand Cart
20:07 Gold Mining
23:45 Castle Age
22:47 Gold Shaft Mining
23:33 Scale Barding Armor
23:39 Forging
25:12 Husbandry
27:05 Squires
30:21 Two-Man Saw
29:56 Crop Rotation
29:04 Cavalier
29:54 Fletching
30:05 Padded Archer Armor
32:25 Elite Skirmisher
34:43 Chain Barding Armor
34:19 Bodkin Arrow
35:29 Iron Casting
36:27 Stone Mining
37:53 Ballistics
37:14 Treadmill Crane
40:48 Leather Archer Armor
43:14 Imperial Age
41:36 Stone Shaft Mining
42:35 Arson
45:06 Chemistry
43:52 Arrowslits
46:49 Paladin
53:47 Light Cavalry
55:47 Pikeman
Connection lost

Rejoining the realm…

Still unreachable

The connection could not be restored.

Session expired

The server has moved on; the page needs a fresh start.